 Dungeon Crawl Stone Soup version 0.30-a0-368-g86fb4627a9 (webtiles) character file.

Game seed: 658515664524130810

121 sleeves the Cudgeller (level 4, 0/36 HPs)
             Began as a Demonspawn Berserker on Nov 19, 2022.
             Was a Believer of Trog.
             Succumbed to an orc's poison
             ... on level 3 of the Dungeon.
             The game lasted 00:01:57 (1780 turns).

sleeves the Cudgeller (Demonspawn Berserker)        Turns: 1780, Time: 00:01:58

Health: 0/36       AC:  7    Str: 20    XL:     4   Next: 76%
Magic:  4/4        EV: 10    Int:  8    God:    Trog [**....]
Gold:   101        SH:  0    Dex: 12    Spells: 3/3 levels left

rFire   . . .      SeeInvis .    h - +0 dagger (venom)
rCold   . . .      Faith    .    (no shield)
rNeg    . . .      Spirit   .    o - +0 scale mail
rPois   .          Reflect  .    (no helmet)
rElec   .          Harm     .    (no cloak)
rCorr   .          Rampage  .    (no gloves)
Will    +....                    (no boots)
Stlth   ..........               (no amulet)
HPRegen 0.26/turn                j - ring of willpower
MPRegen 0.09/turn                (no ring)

@: lethally poisoned (0 -> -3), on berserk cooldown, slowed, very slow
A: rugged brown scales 1, foul stench 1
a: Renounce Religion, Berserk, Trog's Hand


You were on level 3 of the Dungeon.
You worshipped Trog.
Trog was pleased with you.
You visited 1 branch of the dungeon, and saw 3 of its levels.

You collected 101 gold pieces.

Inventory:

Hand Weapons
 a - a +0 mace
 h - a +0 dagger of venom (weapon)
   (You took it off a goblin on level 1 of the Dungeon)
 i - a +1 hand axe of electrocution
   (You found it on level 2 of the Dungeon)
Armour
 o - a +0 scale mail (worn)
   (You took it off an orc priest on level 3 of the Dungeon)
Jewellery
 j - a ring of willpower (left hand)
   (You found it on level 2 of the Dungeon)
Scrolls
 b - 2 scrolls of noise {unknown}
 d - 6 scrolls of identify {unknown}
 f - a scroll of amnesia {unknown}
 k - a scroll of immolation {unknown}
 m - a scroll of magic mapping {unknown}
 n - a scroll of fear {unknown}
Potions
 e - a potion of lignification {unknown}
 g - a potion of heal wounds {unknown}
 l - a potion of invisibility {unknown}


   Skills:
 - Level 3.0 Fighting
 + Level 5.1 Maces & Flails
 - Level 1.7 Armour
 - Level 1.7 Dodging


You had 3 spell levels left.
You didn't know any spells.
Your spell library was empty.

Dungeon Overview and Level Annotations

Branches:
Dungeon (3/15)

Altars:


Innate Abilities, Weirdness & Mutations

You are partially covered in rugged brown scales. (AC +1, +3% HP)
You may rarely emit foul miasma when damaged in melee.


Message History

An endoplasm comes into view.
An endoplasm is nearby!
An endoplasm is nearby!
The helpless endoplasm fails to defend itself.
You sock the endoplasm!
You kill the endoplasm!
Trog accepts your kill.
You have reached level 2!
Your demonic ancestry asserts itself...
You begin to emit a foul stench of rot and decay.
e - a fizzy white potion
f - a scroll labelled UPEIL RUXA
d - 3 scrolls labelled PIEPPU SERYR (gained 1)
A hobgoblin comes into view.
The hobgoblin shouts!
You hear a shout!
A hobgoblin is nearby!
You hit the hobgoblin.
The hobgoblin is almost dead.
The hobgoblin barely misses you.
The hobgoblin hits you but does no damage.
You closely miss the hobgoblin.
You punch the hobgoblin, but do no damage.
The hobgoblin is almost dead.
The hobgoblin barely misses you.
You hit the hobgoblin but do no damage.
The hobgoblin is almost dead.
The hobgoblin barely misses you.
You hit the hobgoblin.
You kill the hobgoblin!
Trog accepts your kill.
No target in view!
No target in view!
No target in view!
No target in view!
No target in view!
No target in view!
You see here a hobgoblin corpse.
A kobold comes into view. It is wielding a +0 club.
A kobold is nearby!
A kobold is nearby!
You hit the kobold.
You kill the kobold!
Trog accepts your kill.
No target in view!
No target in view!
No target in view!
No target in view!
No target in view!
No target in view!
No target in view!
No target in view!
No target in view!
No target in view!
Things that are here:
a +0 club; 5 stones; a kobold corpse A rat comes into view.
A rat is nearby!
A rat is nearby!
The rat barely misses you.
You barely miss the rat. The rat closely misses you.
You sock the rat!
You kill the rat!
Trog accepts your kill.
No target in view!
No target in view!
No target in view!
No target in view!
No target in view!
No target in view!
No target in view!
Found a stone staircase leading down.
A goblin comes into view. It is wielding a +0 dagger of venom.
The goblin shouts!
The goblin closely misses you.
You hit the goblin.
The goblin is severely wounded.
The goblin closely misses you. The goblin misses you.
You sock the goblin!
You kill the goblin!
Trog accepts your kill.
No target in view!
No target in view!
No target in view!
No target in view!
No target in view!
No target in view!
No target in view!
No target in view!
You see here a +0 dagger of venom.
Found a stone staircase leading down.
There is a stone staircase leading down here.
Found 3 stones.
You see here 3 stones.
A kobold comes into view. It is wielding a +0 dagger.
The kobold shouts!
You miss the kobold. The kobold hits you with a +0 dagger.
You hit the kobold.
The kobold is moderately wounded.
The kobold hits you but does no damage.
You hit the kobold.
You kill the kobold!
Trog accepts your kill.
No target in view!
No target in view!
No target in view!
No target in view!
No target in view!
No target in view!
No target in view!
No target in view!
No target in view!
No target in view!
No target in view!
Things that are here:
a +0 dagger; a stone
Found a book of Misfortune.
A goblin comes into view. It is wielding a +0 dagger.
A goblin is nearby!
The goblin shouts!
The goblin hits you with a +0 dagger.
You hit the goblin.
The goblin is severely wounded.
The goblin completely misses you.
You barely miss the goblin.
The goblin is severely wounded.
The goblin completely misses you.
You barely miss the goblin.
The goblin is severely wounded.
The goblin closely misses you.
You hit the goblin.
You kill the goblin!
Trog accepts your kill.
No target in view!
No target in view!
No target in view!
No target in view!
No target in view!
No target in view!
No target in view!
Things that are here:
a +0 dagger; a goblin corpse
Things that are here:
a +0 dagger; a goblin corpse You now have 28 gold pieces (gained 13).
A rat comes into view.
A rat is nearby!
The rat bites you.
You hit the rat.
You kill the rat!
Trog accepts your kill.
No target in view!
No target in view!
No target in view!
No target in view!
No target in view!
No target in view!
You see here a rat corpse.
You see here a rat corpse.
A ball python and a giant cockroach come into view.
There are monsters nearby!
There are monsters nearby!
You hit the giant cockroach.
The giant cockroach is moderately wounded.
The ball python hisses angrily.
The giant cockroach barely misses you.
You hit the giant cockroach.
The giant cockroach is heavily wounded.
The giant cockroach bites you.
You closely miss the giant cockroach.
The giant cockroach is heavily wounded.
The giant cockroach bites you but does no damage. x2
You hit the giant cockroach.
You kill the giant cockroach!
Trog accepts your kill.
You completely miss the ball python.
The ball python bites you but does no damage.
The ball python grabs you. The ball python constricts you.
The ball python bites you but does no damage.
The ball python constricts you.
You closely miss the ball python.
The ball python bites you but does no damage.
The ball python constricts you.
You barely miss the ball python. The ball python closely misses you.
The ball python constricts you. The ball python bites you.
The ball python constricts you.
You hit the ball python.
The ball python is severely wounded.
The ball python bites you. The ball python constricts you.
You sock the ball python!
You kill the ball python!
Trog accepts your kill.
No target in view!
No target in view!
No target in view!
No target in view!
No target in view!
No target in view!
No target in view!
A quokka comes into view.
You see here a giant cockroach corpse.
A quokka is nearby!
A quokka is nearby!
The quokka bites you but does no damage.
You hit the quokka.
The quokka is almost dead.
The quokka misses you. The quokka closely misses you.
You hit the quokka.
You kill the quokka!
Trog accepts your kill.
No target in view!
No target in view!
No target in view!
No target in view!
No target in view!
No target in view!
No target in view!
No target in view!
No target in view!
No target in view!
You see here a quokka corpse.
You see here a giant cockroach corpse.
g - a fuming sapphire potion Done exploring.
Done exploring.
Done exploring.
No target in view!
Search for what [? for help]? dag You see here a +0 dagger of venom.
h - a +0 dagger of venom Your +0 dagger of venom begins to drip with poison!
h - a +0 dagger of venom (weapon)
(D) Dungeon
Where to? (Enter - D:1 @ (x,y), ? - help)
There is a stone staircase leading down here.
You climb downwards.
The ball python hisses angrily.
There is a stone staircase leading up here.
A ball python is nearby!
A ball python is nearby!
A ball python is nearby!
A ball python is nearby!
You barely miss the ball python. The ball python barely misses you.
The ball python closely misses you.
You barely miss the ball python. The ball python completely misses you.
The ball python barely misses you.
You closely miss the ball python.
The ball python bites you but does no damage.
The ball python misses you.
You closely miss the ball python. The ball python barely misses you.
The ball python grabs you. The ball python constricts you.
The ball python bites you but does no damage.
The ball python constricts you.
You hit the ball python.
You kill the ball python!
Trog accepts your kill.
No target in view!
No target in view!
No target in view!
A bat comes into view.
Found a stone staircase leading up.
A bat is nearby!
A bat is nearby!
You hit the bat.
The bat is poisoned.
The bat is severely wounded.
You kill the bat!
Trog accepts your kill.
No target in view!
No target in view!
No target in view!
No target in view!
No target in view!
No target in view!
No target in view!
No target in view!
A ball python comes into view.
Found a glowing hand axe.
A ball python is nearby!
A dart slug comes into view.
The ball python hisses angrily.
The ball python bites you. The ball python barely misses you.
You hit the ball python but do no damage.
The ball python barely misses you. The ball python grabs you.
The ball python constricts you.
You barely miss the ball python. The ball python bites you.
You emit a cloud of foul miasma!
The ball python constricts you.
You closely miss the ball python.
The ball python is engulfed in dark miasma.
The ball python is poisoned.
You kill the ball python!
Trog accepts your kill. The dart slug launches a dart at you.
The slug dart hits you but does no damage.
You hit the dart slug.
The dart slug is poisoned.
The dart slug is lightly wounded.
The dart slug closely misses you.
You hit the dart slug but do no damage.
The dart slug looks even sicker.
The dart slug is moderately wounded.
The dart slug bites you.
You hit the dart slug.
You kill the dart slug!
Trog accepts your kill.
No target in view!
No target in view!
No target in view!
No target in view!
No target in view!
No target in view!
No target in view!
No target in view!
HP restored.
You see here a +1 hand axe of electrocution.
i - a +1 hand axe of electrocution
j - a ring of willpower A kobold comes into view.
It is wielding a +0 short sword.
Found a stone staircase leading down.
The kobold shouts!
j - a ring of willpower (left hand)
Found 12 gold pieces.
You barely miss the kobold.
The kobold hits you with a +0 short sword.
You closely miss the kobold.
The kobold hits you with a +0 short sword.
You hit the kobold but do no damage.
The kobold is poisoned.
You kill the kobold!
Trog accepts your kill.
No target in view!
No target in view!
No target in view!
No target in view!
No target in view!
No target in view!
No target in view!
No target in view!
No target in view!
Things that are here:
a +0 short sword; a kobold corpse You now have 40 gold pieces (gained 12).
k - a scroll labelled BASTUSCHISUKK A goblin comes into view.
It is wielding a +0 dagger.
The goblin shouts!
A goblin is nearby!
The goblin hits you with a +0 dagger.
You closely miss the goblin. The goblin hits you with a +0 dagger.
You hit the goblin.
The goblin is poisoned.
The goblin is severely wounded.
You kill the goblin!
Trog accepts your kill.
No target in view!
No target in view!
No target in view!
No target in view!
No target in view!
No target in view!
No target in view!
No target in view!
No target in view!
You see here a +0 dagger.
Found a mace.
A hobgoblin comes into view.
Found an orange potion.
The hobgoblin shouts!
The hobgoblin moves out of view.
Found a scroll labelled PIEPPU SERYR.
The hobgoblin hits you but does no damage.
You closely miss the hobgoblin. The hobgoblin barely misses you.
You hit the hobgoblin but do no damage.
The hobgoblin is poisoned.
The hobgoblin completely misses you.
You closely miss the hobgoblin.
The hobgoblin is moderately wounded.
The hobgoblin closely misses you.
You barely miss the hobgoblin.
The hobgoblin is heavily wounded.
The hobgoblin hits you.
You barely miss the hobgoblin.
The hobgoblin is heavily wounded.
The hobgoblin hits you but does no damage.
You hit the hobgoblin.
The hobgoblin is almost dead.
The hobgoblin misses you.
You hit the hobgoblin.
You kill the hobgoblin!
Trog accepts your kill.
No target in view!
No target in view!
No target in view!
No target in view!
l - an orange potion
d - 4 scrolls labelled PIEPPU SERYR (gained 1)
d - 5 scrolls labelled PIEPPU SERYR (gained 1)
m - a scroll labelled UHUKETH NILAV No target in view!
No target in view!
No target in view!
No target in view!
No target in view!
No target in view!
No target in view!
No target in view!
No target in view!
n - a scroll labelled DUJUCH BUANU A quokka comes into view.
Found 9 gold pieces.
A quokka is nearby!
The quokka bites you. x2
You hit the quokka.
The quokka is poisoned.
The quokka is heavily wounded.
The quokka barely misses you.
You barely miss the quokka.
The quokka is severely wounded.
The quokka bites you.
You are too injured to fight recklessly!
You are too injured to fight recklessly!
You are too injured to fight recklessly!
You are too injured to fight recklessly!
You are too injured to fight recklessly!
You are too injured to fight recklessly!
A quokka is nearby!
A quokka is nearby!
A quokka is nearby!
You are too injured to fight recklessly!
You are too injured to fight recklessly!
You are too injured to fight recklessly!
You are too injured to fight recklessly!
You are too injured to fight recklessly!
You are too injured to fight recklessly!
You are too injured to fight recklessly!
You are too injured to fight recklessly!
You are too injured to fight recklessly!
You are too injured to fight recklessly!
You hit the quokka but do no damage.
The quokka looks even sicker.
The quokka is severely wounded.
The quokka closely misses you.
You closely miss the quokka.
The quokka is almost dead.
You kill the quokka!
Trog accepts your kill.
You have reached level 3!
Your experience leads to an increase in your attributes!
Increase (S)trength, (I)ntelligence, or (D)exterity?
You feel stronger. x2; Your demonic ancestry asserts itself...
Rugged brown scales grow over part of your body.
You now have 49 gold pieces (gained 9).
You now have 62 gold pieces (gained 13).
Found a club.
You see here a +0 club.
Found a leather armour.
You see here a +0 leather armour.
A ball python comes into view.
The ball python hisses angrily.
A ball python is nearby!
Found a sling.
The ball python closely misses you. The ball python grabs you.
The ball python constricts you.
You closely miss the ball python.
The ball python bites you but does no damage.
The ball python constricts you.
You hit the ball python.
You kill the ball python!
Trog accepts your kill.
No target in view!
No target in view!
No target in view!
No target in view!
No target in view!
You see here a ball python corpse.
Found a short sword.
Found a stone staircase leading down.
An endoplasm comes into view.
Found a stone staircase leading down.
The endoplasm hits you but does no damage.
You hit the endoplasm.
The endoplasm is lightly wounded.
The endoplasm hits you but does no damage.
You hit the endoplasm.
The endoplasm is almost dead.
The endoplasm freezes you.
You are frozen.
You hit the endoplasm.
You kill the endoplasm!
Trog accepts your kill.
No target in view!
No target in view!
No target in view!
No target in view!
No target in view!
There is a stone staircase leading down here.
A frilled lizard comes into view.
Found 5 stones.
A frilled lizard is nearby!
The helpless frilled lizard fails to defend itself.
You hit the frilled lizard.
You kill the frilled lizard!
Trog accepts your kill.
No target in view!
No target in view!
No target in view!
No target in view!
No target in view!
No target in view!
No target in view!
Things that are here:
5 stones; a frilled lizard corpse You see here a +0 dagger.
You see here a +0 dagger.
There is a stone staircase leading down here.
You see here a ball python corpse.
You see here a +0 club.
Key pressed, stopping explore.
A goblin comes into view. It is wielding a +0 dagger.
The goblin shouts!
A worm comes into view.
The goblin hits you with a +0 dagger.
You hit the goblin.
You kill the goblin!
Trog accepts your kill.
Found a stone staircase leading up.
The worm bites you.
You hit the worm.
The worm is poisoned.
The worm is moderately wounded.
You hit the worm but do no damage.
The worm is moderately wounded.
The worm bites you!
You are too injured to fight recklessly!
You are too injured to fight recklessly!
You are too injured to fight recklessly!
You are too injured to fight recklessly!
You are too injured to fight recklessly!
You are too injured to fight recklessly!
A worm is nearby!
A worm is nearby!
You hit the worm.
The worm looks even sicker.
The worm is heavily wounded.
You hit the worm.
The worm looks as sick as possible!
The worm is severely wounded.
The worm bites you!
* * * LOW HITPOINT WARNING * * *
You barely miss the worm.
The worm is severely wounded.
The worm closely misses you.
You hit the worm but do no damage.
The worm looks as sick as possible!
The worm is severely wounded.
Things that are here:
a +0 dagger; a goblin corpse You kill the worm!
Trog accepts your kill.
You can now call upon Trog for regeneration and willpower.
Your Maces & Flails skill increases to level 4!
Key pressed, stopping explore.
Done exploring.
Done exploring.
Done exploring.
No target in view!
No target in view!
(D) Dungeon
Where to? (Enter - D:2, ? - help)
You see here a +0 short sword.
There is a stone staircase leading down here.
You climb downwards.
The orc shouts! x2; The orc priest shouts!
You hear an angry hiss.
Found 6 stones and a chain mail.
There is a stone staircase leading up here.
There are monsters nearby!
There are monsters nearby!
There are monsters nearby!
There are monsters nearby!
Found a stone staircase leading down.
The orc priest miscasts a cantrip.
There is a stone staircase leading up here.
The orc priest barely misses you. The orc hits you but does no damage.
You climb upwards.
There is a stone staircase leading down here.
You closely miss the orc priest.
The orc priest looks encouraged for a moment.
The orc hits you with a +0 whip.
You hit the orc priest.
The orc priest is lightly wounded.
The orc priest closely misses you. The orc closely misses you.
You hit the orc priest.
The orc priest is heavily wounded.
The orc priest closely misses you. The orc hits you but does no damage.
You hit the orc priest but do no damage.
The orc priest is heavily wounded.
The orc priest begins to cast a cantrip, but forgets the words!
The orc hits you with a +0 whip.
You hit the orc priest but do no damage.
The orc priest is poisoned.
The orc priest is heavily wounded.
The orc priest mumbles some strange prayers to Beogh against you.
You resist with significant effort. The orc hits you with a +0 whip.
You hit the orc priest but do no damage.
The orc priest looks as sick as possible!
The orc priest is heavily wounded.
The orc priest mumbles some strange prayers to Beogh against you.
You resist with significant effort. The orc misses you.
You hit the orc priest but do no damage.
The orc priest is heavily wounded.
The orc priest hits you but does no damage.
The orc hits you with a +0 whip.
You hit the orc but do no damage.
The orc is poisoned.
The orc priest hits you with a +0 dagger.
The orc hits you with a +0 whip.
You hit the orc.
The orc looks as sick as possible!
The orc is moderately wounded.
The orc priest hits you with a +0 dagger.
You emit a cloud of foul miasma!
The orc closely misses you.
You closely miss the orc priest.
The orc priest is severely wounded.
You kill the orc priest!
Trog accepts your kill. The orc hits you but does no damage.
You hit the orc but do no damage.
The orc looks as sick as possible!
The orc is heavily wounded.
The orc closely misses you.
You hit the orc but do no damage.
The orc looks as sick as possible!
The orc is almost dead.
You kill the orc!
Trog accepts your kill.
You have reached level 4!
You feel stronger.
You start resting.
HP restored.
You climb downwards.
The endoplasm quivers.
The orc barely misses you.
There is a stone staircase leading up here.
A red film seems to cover your vision as you go berserk!
You feel yourself moving faster!
You feel mighty!
You can no longer call upon Trog for regeneration and willpower.
The orc hits you with a +0 club.
You closely miss the orc priest.
The orc priest invokes the aid of Beogh against you.
Beogh smites you! The orc hits you with a +0 club.
You emit a cloud of foul miasma!
You hit the orc priest.
The orc priest is poisoned.
The orc priest is lightly wounded.
You hit the orc priest but do no damage.
The orc priest looks as sick as possible!
The orc priest is lightly wounded.
The orc priest hits you but does no damage.
The orc is engulfed in dark miasma.
The orc is poisoned.
The orc hits you but does no damage.
You barely miss the orc priest.
The orc priest is moderately wounded.
The orc is engulfed in dark miasma.
The orc looks even sicker.
The orc seems to slow down.
The orc completely misses you.
The orc priest calls upon Beogh to heal the orc.
The orc's wounds heal themselves!
You puncture the orc priest!
The orc priest looks as sick as possible!
The orc priest is almost dead.
You barely miss the orc priest.
The orc priest is almost dead.
The orc is no longer moving slowly.
You kill the orc priest!
Trog accepts your kill.
You puncture the orc!
You feel the power of Trog in you as your rage grows.
You kill the orc!
Trog accepts your kill. The endoplasm freezes you.
You are frozen.
You are too injured to fight recklessly!
You are too injured to fight recklessly!
You are too injured to fight recklessly!
You are too injured to fight recklessly!
You are too injured to fight recklessly!
You are too injured to fight recklessly!
You are too injured to fight recklessly!
You are too injured to fight recklessly!
You are too injured to fight recklessly!
You are too injured to fight recklessly!
You are too injured to fight recklessly!
You are too injured to fight recklessly!
You are too injured to fight recklessly!
You are too injured to fight recklessly!
You are too injured to fight recklessly!
You are too injured to fight recklessly!
You are too injured to fight recklessly!
You are too injured to fight recklessly!
You are too injured to fight recklessly!
You are too injured to fight recklessly!
You are too injured to fight recklessly!
You hit the endoplasm.
The endoplasm is poisoned.
The endoplasm is severely wounded.
You puncture the endoplasm!
You kill the endoplasm!
Trog accepts your kill.
Things that are here:
a +0 dagger; a +0 scale mail You start resting.
You feel a strong urge to attack something.
You start resting.
You feel your anger nearly subside.
You are no longer berserk.
You are exhausted.
You feel yourself slow down.
You start resting.
A ball python comes into view.
There is a stone staircase leading up here.
You climb upwards.
There is a stone staircase leading down, spattered with blood here.
You start resting.
You feel yourself speed up.
You climb downwards.
The ball python bites you but does no damage.
The ball python barely misses you. The ball python misses you.
The ball python grabs you. The ball python constricts you.
There is a stone staircase leading up here.
You hit the ball python.
The ball python is poisoned.
The ball python is severely wounded.
You kill the ball python!
Trog accepts your kill.
No target in view!
No target in view!
No target in view!
No target in view!
No target in view!
No target in view!
No target in view!
No target in view!
HP restored.
You see here 6 stones.
You recover from your berserk rage.
A quokka comes into view.
The quokka closely misses you.
You barely miss the quokka. The quokka bites you.
You closely miss the quokka. The quokka closely misses you.
You closely miss the quokka. The quokka completely misses you.
You closely miss the quokka. The quokka bites you.
You emit a cloud of foul miasma!
The quokka is engulfed in dark miasma.
The quokka is poisoned.
The quokka seems to slow down.
The quokka bites you but does no damage.
You closely miss the quokka.
The quokka is heavily wounded.
The quokka is no longer moving slowly.
You closely miss the quokka.
The quokka is heavily wounded.
The quokka is engulfed in dark miasma.
The quokka looks even sicker.
You kill the quokka!
Trog accepts your kill.
No target in view!
No target in view!
No target in view!
No target in view!
No target in view!
No target in view!
A kobold comes into view. It is wielding a +0 whip.
The kobold shouts!
You hear a shout!
The kobold hits you with a +0 whip.
You completely miss the kobold. The kobold hits you with a +0 whip.
You emit a cloud of foul miasma!
You closely miss the kobold.
The kobold is engulfed in dark miasma.
The kobold is poisoned.
The kobold seems to slow down.
You kill the kobold!
Trog accepts your kill.
You can now call upon Trog for regeneration and willpower.
An orc comes into view. It is wielding a +0 falchion.
The orc hits you with a +0 falchion.
You hit the orc but do no damage.
The orc is poisoned.
The orc hits you but does no damage.
You barely miss the orc. The orc completely misses you.
You hit the orc.
The orc is lightly wounded.
The orc barely misses you.
You hit the orc.
The orc looks as sick as possible!
The orc is almost dead.
You kill the orc!
Trog accepts your kill.
No target in view!
No target in view!
Things that are here:
a +0 scale mail; a +0 dagger
o - a +0 scale mail You start removing your armour.
You continue taking off your +0 leather armour.
Keep disrobing? [Y]es or [N]o only, please.
Keep disrobing? [Y]es or [N]o only, please.
Keep disrobing?
You stop removing your armour.
There is a stone staircase leading up here.
No target in view!
No target in view!
No target in view!
No target in view!
No target in view!
You see here 6 stones.
A dart slug comes into view.
An endoplasm comes into view.
You hit the dart slug but do no damage.
The dart slug is poisoned.
You hit the dart slug.
The dart slug looks as sick as possible!
The dart slug is heavily wounded.
You kill the dart slug!
Trog accepts your kill.
The endoplasm quivers.
You hit the endoplasm.
The endoplasm is poisoned.
The endoplasm is moderately wounded.
The bat hits you but does no damage. The endoplasm closely misses you.
You hit the endoplasm but do no damage.
The endoplasm is severely wounded.
The bat completely misses you. The endoplasm completely misses you.
You hit the endoplasm.
You kill the endoplasm!
Trog accepts your kill. The bat barely misses you.
Your Maces & Flails skill increases to level 5!
You closely miss the bat. The bat hits you but does no damage.
The bat barely misses you.
You barely miss the bat. The bat hits you.
You barely miss the bat. The bat completely misses you.
The bat hits you but does no damage. The bat closely misses you.
The bat barely misses you.
You closely miss the bat. The bat closely misses you.
The bat closely misses you. The bat misses you.
The bat hits you but does no damage.
You barely miss the bat. The bat barely misses you.
You hit the bat.
The bat is moderately wounded.
The bat hits you but does no damage. x3
You closely miss the bat.
The bat is moderately wounded.
The bat hits you but does no damage.
You miss the bat.
The bat is moderately wounded.
The bat hits you but does no damage. x2
You hit the bat.
The bat is severely wounded.
The bat closely misses you.
You hit the bat.
You kill the bat!
Trog accepts your kill.
No target in view!
No target in view!
No target in view!
No target in view!
No target in view!
No target in view!
No target in view!
No target in view!
No target in view!
No target in view!
No target in view!
No target in view!
No target in view!
No target in view!
No target in view!
You start removing your armour.
You continue taking off your +0 leather armour. x4
You finish taking off your +0 leather armour.
You start putting on your armour.
You continue putting on your +0 scale mail. x5
You finish putting on your +0 scale mail.
You drop a +0 animal skin.
You drop a +0 leather armour.
A rat comes into view.
A rat is nearby!
A rat is nearby!
A rat is nearby!
You hit the rat but do no damage. The rat barely misses you.
You hit the rat but do no damage.
The rat is poisoned.
The rat barely misses you.
You hit the rat.
You kill the rat!
Trog accepts your kill.
No target in view!
No target in view!
No target in view!
No target in view!
No target in view!
A rat comes into view.
The rat moves out of view.
Items here: $ ) ? [.
A rat is nearby!
You hit the rat.
You kill the rat!
Trog accepts your kill.
No target in view!
No target in view!
No target in view!
No target in view!
No target in view!
No target in view!
No target in view!
No target in view!
d - 6 scrolls labelled PIEPPU SERYR (gained 1)
You now have 75 gold pieces (gained 13).
Things that are here:
a +0 whip; a +0 chain mail You now have 87 gold pieces (gained 12).
Things that are here:
a +0 falchion; an orc corpse You now have 101 gold pieces (gained 14).
There is a stone staircase leading down here.
A ball python comes into view.
A ball python is nearby!
A ball python is nearby!
You see here 2 scrolls labelled LARUED RONKA.
You closely miss the ball python.
The ball python bites you but does no damage.
The ball python misses you.
You hit the ball python.
The ball python is heavily wounded.
The ball python barely misses you. The ball python grabs you.
The ball python constricts you.
You hit the ball python.
You kill the ball python!
Trog accepts your kill.
No target in view!
No target in view!
No target in view!
No target in view!
No target in view!
No target in view!
b - 2 scrolls labelled LARUED RONKA An orc comes into view.
It is wielding a +0 dagger.
The orc shouts!
You hear a shout!
An orc comes into view. It is wielding a +0 trident.
You see here a ball python corpse.
There are monsters nearby!
An orc comes into view.
It is wielding a +2 short sword of venom.
Found 4 stones.
The orc shouts!
Found 2 gold pieces and a sling.
Found a stone staircase leading up.
Found 2 bubbling cyan potions.
The orc completely misses you. The orc closely misses you.
You hit the orc.
The orc is poisoned.
The orc is moderately wounded.
The orc hits you but does no damage. x2
You closely miss the orc. You punch the orc.
The orc is severely wounded.
The orc hits you but does no damage. The orc hits you with a +0 dagger.
The orc barely misses you.
You hit the orc but do no damage.
The orc looks as sick as possible!
The orc is severely wounded.
The orc closely misses you. The orc hits you but does no damage.
The orc barely misses you. The orc attacks as you move away!
The orc hits you with a +0 dagger. The orc attacks as you move away!
The orc barely misses you.
You kill the orc!
Trog accepts your kill. The orc attacks as you move away!
The orc hits you but does no damage.
You are poisoned.
You feel very sick.
You feel sick.
You see here a ball python corpse.
You completely miss the orc.
You feel sick. The orc closely misses you. x2
You barely miss the orc.
You feel sick. The orc hits you but does no damage. The orc misses you.
You barely miss the orc.
You feel sick. The orc barely misses you.
The orc hits you from afar with a +0 trident.
You are too injured to fight recklessly!
You are too injured to fight recklessly!
You are too injured to fight recklessly!
You are too injured to fight recklessly!
You are too injured to fight recklessly!
You are too injured to fight recklessly!
You closely miss the orc.
You feel sick. The orc hits you but does no damage.
You are more poisoned.
The orc misses you.
A red film seems to cover your vision as you go berserk!
You feel yourself moving faster!
You feel mighty!
You feel very sick.
The orc hits you with a +2 short sword of venom.
* * * LOW HITPOINT WARNING * * *
You are more poisoned.
The orc closely misses you.
You puncture the orc!
You kill the orc!
Trog accepts your kill.
You feel sick.
The orc hits you from afar with a +0 trident.
* * * LOW HITPOINT WARNING * * *
You feel sick. The orc barely misses you.
You see here a +2 short sword of venom.
Found 11 gold pieces.
You feel a strong urge to attack something.
You feel sick.
You completely miss the orc.
You feel sick. The orc hits you with a +0 trident!
* * * LOW HITPOINT WARNING * * *
You closely miss the orc. Your punch misses the orc.
* * * LOW HITPOINT WARNING * * *
You feel sick. The orc hits you with a +0 trident.
* * * LOW HITPOINT WARNING * * *
You puncture the orc!
You feel the power of Trog in you as your rage grows.
You kill the orc!
Trog accepts your kill.
* * * LOW HITPOINT WARNING * * *
You feel sick.
* * * LOW HITPOINT WARNING * * *
You feel sick.
Things that are here:
a +0 trident; an orc corpse You feel a strong urge to attack something.
* * * LOW HITPOINT WARNING * * *
You feel sick.
You see here a +2 short sword of venom.
You are too berserk!
You feel your anger nearly subside.
You are no longer berserk.
You are exhausted.
You feel yourself slow down.
You die...

#### ....#..
#########........
##.........###. .. #####
..(.....†...... #.# #.....
##.<).....####..#..###......
#.[......# #...##..#.......
##...)....###..####.........
#.........#....##.)).).....!
#......)..#...#.@†##.(......
..######....##..#####.......
.## #.#.#...## .....<. ##
###..>..### .......
######.....### .$.....
#......##### .......
..###### ....).. ###


There were no monsters in sight!

Vanquished Creatures
  2 orc priests
  A worm (D:2)
  2 dart slugs
  6 orcs
  7 ball pythons
  4 endoplasms
  2 giant cockroaches (D:1)
  2 hobgoblins
  3 jackals (D:1)
  3 quokkas
  2 bats
  A frilled lizard (D:2)
  4 goblins
  4 kobolds
  5 rats
48 creatures vanquished.

Notes
Turn   | Place    | Note
-------+----------+-------------------------------------------
     0 | D:1      | sleeves the Demonspawn Berserker began the quest for the
                  | Orb.
     0 | D:1      | Reached XP level 1. HP: 18/18 MP: 1/1
    42 | D:1      | Reached skill level 3 in Maces & Flails
   135 | D:1      | Gained mutation: You may rarely emit foul miasma when
                  | damaged in melee. [demonic ancestry]
   135 | D:1      | Reached XP level 2. HP: 24/24 MP: 2/2
  1006 | D:2      | Gained mutation: You are partially covered in rugged brown
                  | scales. (AC +1, +3% HP) [demonic ancestry]
  1006 | D:2      | Reached XP level 3. HP: 15/29 MP: 3/3
  1261 | D:2      | HP: 9/29 [worm (7)]
  1266 | D:2      | Reached ** piety under Trog
  1267 | D:2      | Reached skill level 4 in Maces & Flails
  1496 | D:2      | Reached XP level 4. HP: 23/36 MP: 4/4
  1656 | D:3      | Reached skill level 5 in Maces & Flails
  1770 | D:3      | HP: 27/54 [poisoned by an orc]
  1774 | D:3      | HP: 6/54 [orc/+0 trident (8)]
  1777 | D:3      | HP: 2/54 [poisoned by an orc]
  1780 | D:3      | Succumbed to an orc's poison

Illustrated notes

Levels and vault maps discovered:
D:1:      minmay_arrival_five_plusses, layout_loops_cross
D:2:      layout_loops_cross, solitary_fountain
D:3:      layout_rooms

Skill      XL: |  1  2  3  4 |
---------------+-------------+-----
Maces & Flails | 3 4 5 |  5.1
Fighting       | |  3.0
Armour         | |  1.7
Dodging        | |  1.7

Action                   |  1- 3 |  4- 6 || total
-------------------------+-------+-------++-------
Melee: Mace              |    66 |       ||    66
       Dagger            |    53 |    55 ||   108
       Punch             |     1 |     1 ||     2
Invok: Berserk           |     1 |     2 ||     3
 Stab: Sleeping          |     2 |       ||     2
Armor: Animal skin       |     6 |       ||     6
       Leather armour    |    24 |    15 ||    39
       Scale mail        |       |     8 ||     8
Dodge: Dodged            |    66 |    39 ||   105

Table legend: (Time is in decaauts)
 A = Elapsed time spent in this place.
 B = Non-inter-level travel time spent in this place.
 C = Inter-level travel time spent in this place.
 D = Time resting spent in this place.
 E = Time spent auto-exploring this place.
 F = Levels seen in this place.
 G = Mean time per level.
                   A        B        C        D        E       F      G
               +--------+--------+--------+--------+--------+-----+--------+
         Total |   1810 |   1762 |     48 |     79 |   1260 |   3 |  603.3 |
       Dungeon |   1810 |   1762 |     48 |     79 |   1260 |   3 |  603.3 |
               +--------+--------+--------+--------+--------+-----+--------+

Top non-repeatable levels by time:
     D:2: 885 daAuts
     D:1: 697 daAuts
     D:3: 227 daAuts
